 Dungeon Crawl Stone Soup version 0.29.1-2-gbd0b4ee654 (webtiles) character file.

Game seed: 11378648642541872081

598 GorkyZ the Magician (level 7, 0/32 HPs)
             Began as a Spriggan Earth Elementalist on Nov 11, 2022.
             Was a Follower of Elyvilon.
             Succumbed to a scorpion's poison
             ... on level 5 of the Dungeon on Nov 14, 2022.
             The game lasted 00:33:26 (4623 turns).

GorkyZ the Magician (Spriggan Earth Elementalist)   Turns: 4623, Time: 00:33:27

Health: 0/32       AC:  2    Str:  4    XL:     7   Next: 17%
Magic:  15/17      EV: 33    Int: 19    God:    Elyvilon [*.....]
Gold:   182        SH:  0    Dex: 15    Spells: 8/18 levels left

rFire   . . .      SeeInvis +   (weapon restricted)
rCold   . . .      Faith    .   (no shield)
rNeg    . . .      Spirit   .   a - +0 robe
rPois   .          Reflect  .   (helmet restricted)
rElec   .          Harm     .   (no cloak)
rCorr   .          Rampage  .   (gloves unavailable)
Will    +....                   (boots unavailable)
Stlth   ++........              k - amulet of the acrobat
HPRegen 0.10/turn               (no ring)
MPRegen 0.15/turn               (no ring)

@: lethally poisoned (0 -> -6), acrobatic, very quick
A: very small, no large weapons, unfitting armour, see invisible, speed 3
a: Renounce Religion, Purification


You were on level 5 of the Dungeon.
You worshipped Elyvilon.
Elyvilon was aware of your devotion.
You visited 1 branch of the dungeon, and saw 5 of its levels.

You collected 182 gold pieces.

Inventory:

Missiles
 r - 8 poisoned darts
Armour
 a - a +0 robe (worn)
 g - a +0 pair of gloves
 i - a +0 robe
Jewellery
 d - a ring of see invisible
 k - an amulet of the acrobat (around neck)
Scrolls
 c - 3 scrolls of identify {unknown}
 h - 4 scrolls of teleportation {unknown}
 j - a scroll of magic mapping {unknown}
 m - a scroll of silence {unknown}
 p - a scroll of amnesia {unknown}
 s - a scroll of fear {unknown}
 t - a scroll of enchant weapon {unknown}
Potions
 b - 2 potions of magic
 e - a potion of degeneration {unknown}
 f - 2 potions of heal wounds {unknown}
 l - 2 potions of flight {unknown}
 n - a potion of curing {unknown}
 o - a potion of cancellation {unknown}
 q - a potion of haste
 u - a potion of resistance {unknown}


   Skills:
 * Level 4.6 Dodging
 - Level 3.1 Stealth
 + Level 6.4 Spellcasting
 + Level 1.3 Transmutations
 + Level 5.4 Earth Magic


You had 8 spell levels left.
You knew the following spells:

 Your Spells              Type           Power      Damage    Failure   Level
a - Sandblast             Erth           52%        2d12      1%          1
b - Passwall              Tmut/Erth      15%        N/A       4%          2
c - Beastly Appendage     Tmut           22%        N/A       6%          1
d - Wereblood             Tmut           11%        N/A       10%         2
e - Stone Arrow           Conj/Erth      32%        3d9       11%         3
f - Foxfire               Conj/Fire      24%        2x1d5     11%         1

Your spell library contained the following spells:

 Spells                   Type           Power      Damage    Failure   Level
 Spider Form              Tmut/Pois      8%         N/A       24%         3
 Ignite Poison            Fire/Tmut/Pois 7%         N/A       26%         3
 Petrify                  Tmut/Erth      19%        N/A       26%         4
 Conjure Flame            Conj/Fire      6%         6-21      32%         3
 Inner Flame              Hex/Fire       6%         N/A       32%         3
 Flame Wave               Conj/Fire      6%         2d5       71%         4
 Sticky Flame             Conj/Fire      6%         2d3       71%         4


Dungeon Overview and Level Annotations

Branches:
Dungeon (5/15)             Temple (0/1) D:4

Altars:
Elyvilon
Kikubaaqudgha
Zin


Innate Abilities, Weirdness & Mutations

You are very small and have problems with some larger weapons.
You are too small for most types of armour.
You have supernaturally acute eyesight. (SInv)
You cover ground extremely quickly. (Speed+++)


Message History

The scorpion misses you. The scorpion completely misses you.
The scorpion completely misses you. The scorpion completely misses you.
The scorpion closely misses you. x2
The scorpion completely misses you. The scorpion completely misses you.
Aiming: Sandblast (safe; 1% risk of failure)
Press: ? - help, Q - select action, (/) - cycle Shift-Dir - straight line, f - scorpion
Aim: a scorpion (83% to hit)
The blast of sand hits the scorpion!
The scorpion is almost dead.
The scorpion stings you. The scorpion barely misses you.
Aiming: Sandblast (safe; 1% risk of failure)
Press: ? - help, Q - select action, (/) - cycle Shift-Dir - straight line, f/p - scorpion
Aim: a scorpion (almost dead, 83% to hit)
The blast of sand hits the scorpion but does no damage.
The scorpion is almost dead.
The scorpion stings you.
* * * LOW HITPOINT WARNING * * *
The scorpion stings you.
* * * LOW HITPOINT WARNING * * *
You are lethally poisoned!
The scorpion poisons you!
Aiming: Sandblast (safe; 1% risk of failure)
Press: ? - help, Q - select action, (/) - cycle Shift-Dir - straight line, f/p - scorpion
Aim: a scorpion (almost dead, 83% to hit)
The blast of sand hits the scorpion.
You kill the scorpion!
Elyvilon protects you from harm!
There's nothing to close nearby.
Casting: Sandblast (safe; 1% risk of failure)
Confirm with . or Enter, or press ? or * to list all spells.
You don't know that spell.
Casting: Sandblast (safe; 1% risk of failure)
Confirm with . or Enter, or press ? or * to list all spells.
Okay, then.
* * * LOW HITPOINT WARNING * * *
You feel sick.
You die...

.. ≈≈. ...
#.#≈#.≈(..
..≈≈.#~≈≈. #
######.≈........#
.......≈..≈......
.......#..~≈#....
#.)...#..# ≈....
#.##≈.@..#.≈....
#.≈≈≈..<.......
#.........##.....
............ ...
...........#.. .
8.(........# !..
..8....##### ..
.....#. # ..8...


There were no monsters in sight!

Vanquished Creatures
  A centaur (D:5)
  A phantom (D:4)
  2 necrophages (D:4)
  A scorpion (D:5)
  A vampire bat (D:4)
  A jelly (D:5)
  An orc priest (D:4)
  2 orc wizards (D:3)
  3 adders
  An ufetubus (D:5)
  3 worms
  3 dart slugs
  3 orcs
  6 ball pythons
  6 bats
  2 bat skeletons (D:4)
  3 bat zombies (D:4)
  4 endoplasms
  3 goblins (D:3)
  10 hobgoblins
  2 jackals (D:1)
  5 kobolds
  6 quokkas
  4 frilled lizards
  7 rats
81 creatures vanquished.

Vanquished Creatures (others)
  7 plants (D:3)
7 creatures vanquished.

Grand Total: 88 creatures vanquished

Notes
Turn   | Place    | Note
-------+----------+-------------------------------------------
     0 | D:1      | GorkyZ the Spriggan Earth Elementalist began the quest for
                  | the Orb.
     0 | D:1      | Reached XP level 1. HP: 9/9 MP: 5/5
   170 | D:1      | Reached skill level 3 in Spellcasting
   237 | D:1      | Reached XP level 2. HP: 13/13 MP: 5/7
   522 | D:1      | Found a faded altar of an unknown god.
   594 | D:1      | Learned a level 2 spell: Passwall
   624 | D:1      | Learned a level 1 spell: Beastly Appendage
   627 | D:1      | Learned a level 2 spell: Wereblood
  1141 | D:2      | Reached XP level 3. HP: 11/16 MP: 3/9
  1267 | D:2      | Learned a level 3 spell: Stone Arrow
  2305 | D:3      | Reached skill level 4 in Spellcasting
  2305 | D:3      | Reached XP level 4. HP: 21/21 MP: 9/11
  2581 | D:3      | Learned a level 1 spell: Foxfire
  2772 | D:3      | Found a white marble altar of Elyvilon.
  2857 | D:3      | Became a worshipper of Elyvilon the Healer
  3459 | D:4      | Noticed a necrophage
  3459 | D:4      | Noticed a phantom
  3462 | D:4      | Reached XP level 5. HP: 24/24 MP: 9/12
  3481 | D:4      | Killed a phantom
  3482 | D:4      | Reached skill level 5 in Spellcasting
  3504 | D:4      | Reached XP level 6. HP: 28/28 MP: 5/15
  3575 | D:4      | Found a glowing silver altar of Zin.
  3730 | D:4      | Reached * piety under Elyvilon
  3750 | D:4      | Found a staircase to the Ecumenical Temple.
  4152 | D:4      | Reached skill level 5 in Earth Magic
  4182 | D:4      | Found an ancient bone altar of Kikubaaqudgha.
  4467 | D:5      | Entered Level 5 of the Dungeon
  4472 | D:5      | Reached skill level 6 in Spellcasting
  4475 | D:5      | Reached XP level 7. HP: 11/32 MP: 11/17
  4621 | D:5      | Elyvilon protects you from harm!
  4622 | D:5      | HP: 1/32 [poisoned by a scorpion]
  4623 | D:5      | Succumbed to a scorpion's poison

Illustrated notes

Levels and vault maps discovered:
D:1:      ncdulo_smallfort, layout_basic,
          shapermc_ecumenical_altar_starsandcircs
D:2:      layout_basic
D:3:      layout_loops_corners, nicolae_elyvilon_temple_path, chequers_avenue
D:4:      wander_river, layout_basic, kennysheep_vampire_church,
          mainiacjoe_overflow_catwalk, minmay_temple_entry_arrows
D:5:      layout_cave_pools, nicolae_uskayaw_dance_hall, serial_rivers,
          chequers_serial_rivers_micro_b, chequers_serial_rivers_small_b,
          chequers_serial_rivers_micro_e, chequers_serial_rivers_micro_b,
          chequers_serial_rivers_small_b, chequers_serial_rivers_large_a,
          uniq_prince_ribbit1, uniq_edmund

Skill      XL: |  1  2  3  4  5  6 |
---------------+-------------------+-----
Spellcasting   | 3 4 5 6 |  6.4
Earth Magic    | 3 4 5 |  5.4
Dodging        | 3 4 |  4.6
Stealth        | |  3.1
Transmutations | |  1.3

Action                   |  1- 3 |  4- 6 |  7- 9 || total
-------------------------+-------+-------+-------++-------
Melee: Unarmed           |     1 |    37 |       ||    38
       Punch             |       |     1 |       ||     1
 Cast: Sandblast         |    76 |    70 |     3 ||   149
       Beastly Appendage |     1 |       |       ||     1
       Foxfire           |       |     2 |       ||     2
Armor: Robe              |     2 |       |     1 ||     3
Dodge: Dodged            |    14 |    30 |    20 ||    64
